 Dungeon Crawl Stone Soup version 0.21.1-1-g345015fe64 (webtiles) character file.

120 Khress the Shooter (level 4, 0/40 HPs)
             Began as a Deep Dwarf Hunter on Feb 17, 2018.
             Slain by a gnoll
             ... wielding a +0 flail
              (1 damage)
             ... on level 2 of the Dungeon.
             The game lasted 00:06:55 (1800 turns).

Khress the Shooter (Deep Dwarf Hunter)              Turns: 1800, Time: 00:06:55

Health: 0/40       AC:  4    Str: 16    XL:     4   Next: 75%
Magic:  4/4        EV: 12    Int: 11    God:
Gold:   60         SH:  0    Dex: 14    Spells: 3/3 levels left

rFire    . . .     SeeInvis .   a - +1 shortbow
rCold    . . .     Gourm    .   (shield currently unavailable)
rNeg     . . .     Faith    .   c - +1 leather armour
rPois    .         Spirit   .   (no helmet)
rElec    .         Reflect  .   (no cloak)
rCorr    .         Harm     .   (no gloves)
MR       .....                  (no boots)
Stlth    +.........             o - amulet of rage
HPRegen  0.00/turn              e - ring of flight
MPRegen  0.09/turn              i - ring of loudness (curse)

@: non-regenerating
A: damage resistance, heal wounds, sense surroundings 1, no regeneration
a: Heal Wounds, Evoke Berserk Rage, Evoke Flight


You were on level 2 of the Dungeon.
You were not hungry.

You visited 1 branch of the dungeon, and saw 5 of its levels.

You collected 60 gold pieces.

Inventory:

Hand Weapons
 a - a +1 shortbow (weapon)
 b - a +0 short sword
 h - a +0 hand axe of freezing
 m - a +0 blowgun
Missiles
 d - 11 arrows (quivered)
 g - 90 stones
 k - 44 bolts
 l - 6 poisoned needles
 n - 5 tomahawks
Armour
 c - a +1 leather armour (worn)
Jewellery
 e - a ring of flight (left hand)
 i - a cursed ring of loudness (right hand)
 o - an amulet of rage (around neck)
Scrolls
 j - a scroll of enchant armour
Comestibles
 f - 4 rations


   Skills:
 + Level 2.3 Fighting
 + Level 4.1 Bows
 + Level 1.4 Armour
 + Level 2.4 Dodging
 + Level 1.2 Stealth


You had 3 spell levels left.
You didn't know any spells.

Dungeon Overview and Level Annotations

Branches:
Dungeon (5/15)
 Temple: D:4-7

Altars:


Innate Abilities, Weirdness & Mutations

You are resistant to damage.
You can heal yourself by infusing magical energy.
You passively map a small area around you.
You do not regenerate.


Message History

Firing (i - inventory. (,) - cycle):
d - 14 arrows (quivered)
Press: ? - help, Shift-Dir - straight line, f - gnoll
Aim: a gnoll, wielding a flail (lightly wounded)
You shoot an arrow. The arrow hits the gnoll.
The gnoll is moderately wounded.
The gnoll barely misses you.
Firing (i - inventory. (,) - cycle):
d - 13 arrows (quivered)
Press: ? - help, Shift-Dir - straight line, f/p - gnoll
Aim: a gnoll, wielding a flail (moderately wounded)
You shoot an arrow.
The arrow hits the gnoll but does no damage.
The gnoll is moderately wounded.
The gnoll hits you with a flail!
* * * LOW HITPOINT WARNING * * *
Firing (i - inventory. (,) - cycle):
d - 12 arrows (quivered)
Press: ? - help, Shift-Dir - straight line, f/p - gnoll
Aim: a gnoll, wielding a flail (moderately wounded)
You shoot an arrow. The arrow barely misses the gnoll.
The gnoll hits you with a flail.
You die...

#.##......#...##
#........###.## ,
####.##### #.# #.# #.#
#.# ##'## #.## ##...##
####...# ##.....## #
#....#.###.......## ##
#(...g@##.........####.
#....)..'........)'....
#....(####.........####.
#...(#* ##.......## ##
..... * ##.....## # ..).
##...## # .(( , ##+## #
#.(,, , # , * #


You could see a gnoll.

Vanquished Creatures
  7 gnolls
  An adder (D:2)
  An adder zombie (D:3)
  3 leopard geckos
  A giant cockroach (D:1)
  4 goblins
  3 hobgoblins
  4 jackals (D:1)
  10 kobolds
  2 bats
  2 frilled lizards (D:2)
  A rat (D:1)
39 creatures vanquished.

Notes
Turn   | Place    | Note
-------+----------+-------------------------------------------
     0 | D:1      | Khress the Deep Dwarf Hunter began the quest for the Orb.
     0 | D:1      | Reached XP level 1. HP: 19/19 MP: 1/1
     8 | D:1      | Reached skill level 3 in Bows
   119 | D:1      | Reached XP level 2. HP: 24/26 MP: 2/2
   462 | D:1      | Reached XP level 3. HP: 30/32 MP: 3/3
   715 | D:5      | Entered Level 5 of the Dungeon
  1360 | D:2      | Reached skill level 1 in Armour
  1710 | D:2      | Reached XP level 4. HP: 28/39 MP: 4/4
  1784 | D:2      | Reached skill level 4 in Bows
  1799 | D:2      | HP: 1/40 [gnoll/flail (10)]
  1800 | D:2      | Slain by a gnoll

Skill      XL: |  1  2  3  4 |
---------------+-------------+-----
Bows           | 3 4 |  4.1
Fighting       | 2 |  2.3
Armour         | 1 |  1.4
Dodging        | |  2.4
Stealth        | |  1.2

Action                   |  1- 3 |  4- 6 || total
-------------------------+-------+-------++-------
 Fire: Shortbow          |   102 |    29 ||   131
Throw: Tomahawk          |       |     1 ||     1
  Use: Scroll            |     4 |       ||     4
  Eat: Ration            |     1 |       ||     1
Armor: Leather armour    |    11 |     1 ||    12
Dodge: Dodged            |    36 |     6 ||    42
